 Dungeon Crawl Stone Soup version 0.31-a0-231-g51bb95cda3 (webtiles) character file.

Game seed: 10147977355421517530

43 qw the Shooter (level 3, 0/29 HPs)
             Began as a Minotaur Hexslinger on July 6, 2023.
             Slain by Robin
             ... wielding a +0 short sword
              (1 damage)
             ... on level 2 of the Dungeon.
             The game lasted 00:00:18 (789 turns).

qw the Shooter (Minotaur Hexslinger)                 Turns: 789, Time: 00:00:19

Health: 0/29       AC:  2    Str: 12    XL:     3   Next: 37%
Magic:  3/3        EV: 12    Int: 10    God:
Gold:   97         SH:  0    Dex: 14    Spells: 3/4 levels left

rFire   . . .        Y - +1 sling
rCold   . . .        (no shield)
rNeg    . . .        c - +0 robe
rPois   .            (helmet restricted)
rElec   .            (no cloak)
rCorr   .            (no gloves)
SInv    .            (no boots)
Will    .....        (no amulet)
Stlth   +            (no ring)
HPRegen 0.24/turn    (no ring)
MPRegen 0.08/turn

%: no passive effects
@: no status effects
A: horns 2, retaliatory headbutt
a: no special abilities


You were on level 2 of the Dungeon.
You visited 1 branch of the dungeon, and saw 2 of its levels.

You collected 97 gold pieces.


Innate Abilities, Weirdness & Mutations

You have a pair of horns on your head.
You reflexively headbutt those who attack you in melee.


   Skills:
 - Level 2.0 Fighting
 + Level 3.9 Ranged Weapons
 - Level 2.1 Dodging
 - Level 1.0 Spellcasting
 - Level 2.0 Hexes


You had 3 spell levels left.
You knew the following spells:

 Your Spells              Type           Power      Damage    Failure   Level
a - Slow                  Hex            16%        N/A       16%         1

Your spell library contained the following spells:

 Spells                   Type           Power      Damage    Failure   Level
 Inner Flame              Hex/Fire       2%         N/A       56%         3
 Portal Projectile        Hex/Tloc       4%         N/A       56%         3
 Cause Fear               Hex            2%         N/A       83%         4

Inventory:

Hand Weapons
 Y - a +1 sling (weapon)
Armour
 c - a +0 robe (worn)
Potions
 d - a potion of enlightenment

Dungeon Overview and Level Annotations

Branches:
Dungeon (2/15)

Altars:

Annotations:
D:2 Robin


Message History

Robin throws the goblin at you! The goblin hits you but does no damage.
A goblin comes into view. It is wielding a +0 club.
The goblin hits you with a +0 club. The goblin hits you with a +0 dagger.
You shoot a sling bullet. The sling bullet hits the goblin.
You kill the goblin!
Robin throws the goblin at you! The goblin barely misses you.
The goblin closely misses you. You furiously retaliate!
You headbutt the goblin!
You kill the goblin!
You shoot a sling bullet.
The sling bullet closely misses the goblin.
The goblin completely misses you. You furiously retaliate!
You headbutt the goblin. The goblin hits you with a +0 dagger.
You shoot a sling bullet. The sling bullet hits the goblin.
The goblin is severely wounded.
The goblin hits you with a +0 club. x2; The goblin hits you with a +0 dagger.
You shoot a sling bullet. The sling bullet hits the goblin.
You kill the goblin!
The goblin hits you with a +0 club. The goblin hits you with a +0 dagger.
Robin throws the goblin at you!
You shoot a sling bullet.
The sling bullet closely misses the goblin.
The goblin hits you with a +0 club. The goblin hits you with a +0 dagger.
The goblin hits you but does no damage. The goblin misses you.
The goblin hits you but does no damage. The goblin hits you with a +0 dagger.
You shoot a sling bullet. The sling bullet hits the goblin!
You kill the goblin!
Robin throws the goblin at you! The goblin hits you but does no damage.
The goblin completely misses you. You furiously retaliate!
You headbutt the goblin.
You kill the goblin!
You shoot a sling bullet. The sling bullet misses the goblin.
The goblin closely misses you.
You shoot a sling bullet. The sling bullet closely misses Robin.
The goblin hits you with a +0 club.
Robin roars a battlecry!
The goblin goes into a battle-frenzy!
You shoot a sling bullet. The sling bullet hits Robin.
Robin is moderately wounded.
The goblin hits you but does no damage. Robin hits you with a +0 short sword.
You die...

#..### #.# ##. #....#
#.# #. ##.#.# #.# #.
#.#.###.# ##+
#.......###.. #.
###.######... ###.#####
##..# ##....
....).).####<..####.....
.....)g@g.........+.....
.##.###)####...####.....
#.# ##..# #.... #.# ##.#
##... #.# #.# ##.. ..#
.# ##+ ### .#


You could see Robin and a goblin (strong).

Vanquished Creatures
  3 dart slugs (D:1)
  An endoplasm (D:1)
  3 hobgoblins (D:1)
  5 ball pythons (D:1)
  A bat (D:1)
  2 frilled lizards (D:1)
  12 goblins
  3 kobolds (D:1)
  5 rats
35 creatures vanquished.

Notes
Turn   | Place    | Note
-------+----------+-------------------------------------------
     0 | D:1      | qw the Minotaur Hexslinger began the quest for the Orb.
     0 | D:1      | Reached XP level 1. HP: 16/16 MP: 1/1
     0 | D:1      | 0 ||| qw: Version: 0.3-a-46-gb1f654a
     0 | D:1      | 0 ||| qw: Game counter: 1839
     0 | D:1      | 0 ||| qw: Melee chars always use a shield: true
     0 | D:1      | 0 ||| qw: God list: Okawaru
     0 | D:1      | 0 ||| qw: Allow faded altars: false
     0 | D:1      | 0 ||| qw: Do Orc after clearing Dungeon:15 true
     0 | D:1      | 0 ||| qw: Do second Lair branch before Depths: true
     0 | D:1      | 0 ||| qw: Lair rune preference: random
     0 | D:1      | 0 ||| qw: Goals: Normal
     0 | D:1      | 0 ||| PLANNING D:1-11
    80 | D:1      | Reached skill level 3 in Ranged Weapons
    85 | D:1      | Reached XP level 2. HP: 23/23 MP: 2/2
   373 | D:1      | Reached XP level 3. HP: 29/29 MP: 3/3
   595 | D:1      | 595 ||| READING scroll labelled IHO NIOHEU.
   596 | D:1      | 596 ||| DRINKING 2 viscous pink potions.
   597 | D:1      | 597 ||| DRINKING 2 black potions.
   653 | D:1      | 653 ||| DROPPING scroll of poison.
   654 | D:1      | 654 ||| DROPPING potion of lignification.
   779 | D:2      | Noticed Robin
   784 | D:2      | HP: 6/29 [Robin/goblin (3)]
   785 | D:2      | HP: 2/29 [goblin/+0 dagger[Robin] (3)]
   789 | D:2      | Slain by Robin

Levels and vault maps discovered:
D:1:      dpeg_arrival_arbitrary_c, layout_loops_ring
D:2:      minmay_chambers_of_twos, layout_loops_corners,
          shapermc_ecumenical_altar_totnotflames, uniq_natasha, uniq_robin

Skill      XL: |  1  2 |
---------------+-------+-----
Ranged Weapons | 3 |  3.9
Fighting       | 2 |  2.0
Dodging        | |  2.1
Spellcasting   | |  1.0
Hexes          | |  2.0

Action                     || total
---------------------------++-------
   Fire: Sling             ||    81
    Use: Potion            ||     2
         Scroll            ||     1
 Armour: Robe              ||    12
  Dodge: Dodged            ||    20

Table legend:
 A = Non-vault XP
 B = Vault XP
 C = Vault XP percentage of total XP
 D = Non-vault monster count
 E = Vault monster count
 F = Vault count percentage of total count
                 A         B        C        D         E       F
            +---------+---------+-------+---------+---------+-------
      Total |      46 |      16 |  25.8 |      27 |       8 |  22.9
            +---------+---------+-------+---------+---------+-------
        D:1 |      44 |       0 |   0.0 |      25 |       0 |   0.0
        D:2 |       2 |      16 |  88.9 |       2 |       8 |  80.0
            +---------+---------+-------+---------+---------+-------
